 Dungeon Crawl Stone Soup version 0.31-a0-881-ge136f0c47a (webtiles) character file.

Game seed: 3757847667910662403

2888 scionoferis the Cleaver (level 9, 0/85 HPs)
             Began as a Minotaur Chaos Knight on Oct 15, 2023.
             Was a Plaything of Xom.
             Slain by a green ugly thing (10 damage)
             ... on level 7 of the Dungeon.
             The game lasted 00:13:28 (6712 turns).

scionoferis the Cleaver (Minotaur Chaos Knight)     Turns: 6712, Time: 00:13:29

Health: 0/85       AC: 11    Str: 22      XL:     9   Next: 48%
Magic:  6/6        EV: 11    Int:  6      God:    Xom [..*...]
Gold:   132        SH:  0    Dex: 11 (12) Spells: 8/8 levels left

rFire   x x .        a - +0 hand axe (chaos)
rCold   . . .        (no shield)
rNeg    . . .        p - +2 leather armour
rPois   +            (helmet unavailable)
rElec   .            (no cloak)
rCorr   .            J - +0 pair of gloves
SInv    .            G - +0 pair of boots
Will    .....        (no amulet)
Stlth   +            d - +4 ring of protection
HPRegen 0.34/turn    F - ring of poison resistance
MPRegen 0.10/turn

%: no passive effects
@: no status effects
A: horns 3, retaliatory headbutt, deterioration 1, dopey 1, low MP 2, strong 1,
no potion heal 1, heat vulnerability 2
a: Renounce Religion


You were on level 7 of the Dungeon.
You worshipped Xom.
You were a toy of Xom.
You visited 1 branch of the dungeon, and saw 7 of its levels.

You collected 282 gold pieces.
You spent 150 gold pieces at shops.


Innate Abilities, Weirdness & Mutations

You have a pair of large horns on your head.
You reflexively headbutt those who attack you in melee.
Your body sometimes deteriorates upon taking damage.
You are dopey. (Int -2)
Your magical capacity is very low. (-20% MP)
Your muscles are strong. (Str +4, Int/Dex -1)
Potions are less effective at restoring your health.
You are very vulnerable to heat. (rF--)


   Skills:
 + Level 9.9 Fighting
 * Level 13.1 Axes
 - Level 2.4 Armour
 - Level 1.1 Dodging


You had 8 spell levels left.
You didn't know any spells.
Your spell library contained the following spells:

 Spells                   Type           Power      Damage    Failure   Level
 Gell's Gravitas          Tloc           0%         N/A       86%         3
 Teleport Other           Tloc           0%         N/A       86%         3
 Summon Forest            Summ/Tloc      0%         N/A       100%        5
 Summon Mana Viper        Hex/Summ       0%         N/A       100%        5
 Dispersal                Tloc           0%         N/A       100%        6
 Summon Cactus Giant      Summ           0%         N/A       100%        6

Inventory:

Hand Weapons
 a - a +0 hand axe of chaos (weapon)
 b - a +0 war axe
   (You found it on level 2 of the Dungeon)
Missiles
 l - 6 silver javelins
 v - 5 poisoned darts (quivered)
 K - 4 boomerangs
Armour
 f - a +1 leather armour of cold resistance
   (You took it off Duvessa on level 4 of the Dungeon)
 i - a +0 buckler
   (You found it on level 1 of the Dungeon)
 p - a +2 leather armour (worn)
 B - a +2 leather armour of poison resistance
   (You took it off an orc on level 6 of the Dungeon)
 G - a +0 pair of boots (worn)
   (You found it on level 6 of the Dungeon)
 J - a +0 pair of gloves (worn)
   (You found it on level 7 of the Dungeon)
Jewellery
 d - a +4 ring of protection (left hand)
   (You found it on level 4 of the Dungeon)
 A - a ring of fire
   (You found it on level 5 of the Dungeon)
 F - a ring of poison resistance (right hand)
   (You found it on level 5 of the Dungeon)
Wands
 u - a wand of flame (9)
   (You found it on level 3 of the Dungeon)
 w - a wand of roots (10)
   (You took it off an orc on level 3 of the Dungeon)
Scrolls
 c - a scroll of butterflies
 h - 3 scrolls of immolation
 m - a scroll of enchant weapon
 o - 2 scrolls of silence
 q - a scroll of torment
 t - 2 scrolls of blinking
 x - 2 scrolls of enchant armour
 y - 5 scrolls of teleportation
 C - a scroll of amnesia
 D - 2 scrolls of fog
 E - 4 scrolls of noise
 H - a scroll of vulnerability
 I - a scroll of brand weapon {unknown}
 L - a scroll of identify
Potions
 e - a potion of berserk rage {unknown}
 g - a potion of magic {unknown}
 j - 2 potions of haste
 k - 2 potions of attraction {unknown}
 n - 2 potions of might
 r - 2 potions of degeneration {unknown}
 s - 4 potions of curing
 z - a potion of cancellation {unknown}

Dungeon Overview and Level Annotations

Branches:
Dungeon (7/15)             Temple (0/1) D:4

Altars:
Fedhas
Qazlal
Yredelemnul

Shops:
D:5 ? D:6

: ### ### ###.## ..##
##....### ...###
##.......######
#....###.......##.#..##
....#..........#......#
..#.............@4..###
..##......#..#.#5u###
..#.....#.####.#....####
.......##.#.....##..#..##
........#..........#((..######
#....<..#..........##.(..#...#
#......##.<.......##...(.#...#
....#...#.........#..........#
.#.###.....#####..>..........#


You could see a green ugly thing (very poisoned), a hellwing (summoned) and a
quasit (summoned).


Message History

The water moccasin closely misses you.
You closely miss the water moccasin.
The water moccasin is heavily wounded.
The water moccasin closely misses you.
You closely miss the water moccasin.
The water moccasin is heavily wounded.
The water moccasin closely misses you.
You closely miss the water moccasin.
Your headbutt misses the water moccasin.
The water moccasin is heavily wounded.
The water moccasin bites you.
You barely miss the water moccasin.
Your headbutt misses the water moccasin.
The water moccasin is heavily wounded.
The water moccasin closely misses you.
You hit the water moccasin. You freeze the water moccasin.
The water moccasin is heavily wounded.
The water moccasin closely misses you.
You closely miss the water moccasin.
The water moccasin is heavily wounded.
The water moccasin bites you but does no damage.
You hit the water moccasin.
The water moccasin is severely wounded.
The water moccasin closely misses you. You furiously retaliate!
You headbutt the water moccasin!
You kill the water moccasin!
The water moccasin's corpse disappears in a puff of smoke!
You see here a +0 club.
A white imp comes into view.
The white imp shouts, "Begone, thou tottering hedge-born nothing!"
You barely miss the white imp. Your headbutt misses the white imp.
The white imp barely misses you. You furiously retaliate!
You headbutt the white imp. You hit the white imp. You burn the white imp.
The white imp is moderately wounded.
The white imp hits you but does no damage.
You closely miss the white imp. You headbutt the white imp.
The white imp is heavily wounded.
The white imp closely misses you. You furiously retaliate!
You headbutt the white imp.
You kill the white imp!
No target in view!
HP restored.
An ufetubus comes into view.
The ufetubus shouts!
An ufetubus is nearby!
An ufetubus comes into view.
Found 3 scrolls of teleportation.
The ufetubus closely misses you. The ufetubus barely misses you.
You hit the ufetubus.
The ufetubus is heavily wounded.
The ufetubus slips past you! The ufetubus closely misses you.
The ufetubus hits you but does no damage.
You barely miss the ufetubus. Your headbutt misses the ufetubus.
The ufetubus is heavily wounded.
You hit the ufetubus.
The ufetubus convulses.
The ufetubus barely misses you.
The ufetubus hits you but does no damage.
The ufetubus closely misses you. x2
You hit the ufetubus but do no damage.
The ufetubus is almost dead.
You barely miss the ufetubus. The ufetubus hits you.
The ufetubus barely misses you.
The ufetubus hits you but does no damage. x2
You hit the ufetubus but do no damage. You headbutt the ufetubus.
You kill the ufetubus!
You closely miss the ufetubus. The ufetubus barely misses you. x2
You hit the ufetubus. You burn the ufetubus.
The ufetubus is severely wounded.
The ufetubus completely misses you.
The ufetubus hits you but does no damage.
You hit the ufetubus but do no damage. Your headbutt misses the ufetubus.
The ufetubus is severely wounded.
The ufetubus hits you but does no damage.
The ufetubus barely misses you.
You hit the ufetubus but do no damage.
The ufetubus seems to speed up.
Your headbutt misses the ufetubus.
The ufetubus is severely wounded.
The ufetubus completely misses you. The ufetubus closely misses you.
The ufetubus hits you. The ufetubus barely misses you.
An ufetubus is nearby!
You slash the ufetubus!
You kill the ufetubus!
Your Fighting skill increases to level 8!
You now have 30 gold pieces (gained 12).
y - 5 scrolls of teleportation (gained 3)
A phantom comes into view.
Found Nagrev's Book Shop.
The phantom hits you.
The phantom blinks!
You blink.
You hit the phantom but do no damage. You barely miss the phantom.
You headbutt the phantom!
The phantom is heavily damaged.
The phantom closely misses you.
You hit the phantom. Your headbutt misses the phantom.
The phantom is heavily damaged.
The phantom misses you.
You closely miss the phantom.
The phantom is heavily damaged.
The phantom hits you but does no damage.
You hit the phantom but do no damage.
The phantom resists with almost no effort.
You headbutt the phantom!
The phantom is severely damaged.
The phantom closely misses you. You furiously retaliate!
You headbutt the phantom, but do no damage.
You hit the phantom but do no damage.
The phantom resists with almost no effort.
You headbutt the phantom, but do no damage.
The phantom is severely damaged.
You hit the phantom.
The phantom suddenly seems more agile.
The phantom is almost destroyed.
The phantom hits you.
You miss the phantom.
The phantom is almost destroyed.
The phantom hits you.
You closely miss the phantom.
The phantom is almost destroyed.
The phantom barely misses you. You furiously retaliate!
You headbutt the phantom.
You destroy the phantom!
There is an entrance to Nagrev's Book Shop here.
There is an entrance to Nagrev's Book Shop here.
Found a stone staircase leading up.
A bullfrog comes into view.
The bullfrog croaks. "This might be better!"
The bullfrog flickers and vanishes!
Deactivating autopickup; reactivate with Ctrl-A.
No target in view!
Something hits you but does no damage.
You slash something! Something hits you but does no damage.
You hit something. You freeze something. Something hits you.
You hit something. You burn something. You headbutt something.
Reactivating autopickup.
You feel a bit more experienced.
You see here a bullfrog corpse.
A white imp comes into view.
The white imp shouts, "Turn tail, thou foppish beef-witted cretin!"
You hear a shout!
An ogre comes into view. It is wielding a +0 giant club.
The white imp grinds its teeth.
The white imp barely misses you.
You hit the white imp but do no damage. The white imp closely misses you.
You closely miss the white imp. Your headbutt misses the white imp.
The white imp gestures at you. The puff of frost hits you.
You hit the white imp. You burn the white imp.
The white imp is severely wounded.
The white imp closely misses you. You furiously retaliate!
You headbutt the white imp. You hit the white imp.
You kill the white imp!
Throw: 11 darts (poison)
Press: ? - help, Q - select action, (/) - cycle Shift-Dir - straight line, f - ogre
Aim: an ogre, wielding a +0 giant club (73% to hit)
You throw a poisoned dart. The poisoned dart hits the ogre.
The ogre is poisoned.
Unknown command.
Throw: 10 darts (poison)
Press: ? - help, Q - select action, (/) - cycle Shift-Dir - straight line, f/p - ogre
Aim: an ogre, wielding a +0 giant club (poisoned, 73% to hit)
You throw a poisoned dart. The poisoned dart hits the ogre.
Unknown command.
Throw: 9 darts (poison)
Press: ? - help, Q - select action, (/) - cycle Shift-Dir - straight line, f/p - ogre
Aim: an ogre, wielding a +0 giant club (poisoned, 73% to hit)
You throw a poisoned dart. The poisoned dart hits the ogre.
The ogre looks even sicker.
Unknown command.
You slash the ogre!
The ogre is moving more slowly.
You headbutt the ogre.
The ogre is severely wounded.
The ogre barely misses you. You furiously retaliate!
You headbutt the ogre. You hit the ogre but do no damage.
The ogre is severely wounded.
You slash the ogre! You drain the ogre. You headbutt the ogre.
You kill the ogre!
Your Axes skill increases to level 11!
No target in view!
Things that are here:
a +0 giant club; an ogre corpse
v - 9 poisoned darts (gained 1)
v - 10 poisoned darts (gained 1)
An orc wizard comes into view. It is wielding a +0 dagger.
The orc wizard shouts!
An orc comes into view.
It is wielding a +0 club and wearing a +2 leather armour of poison resistance.
An orc comes into view. It is wielding a +0 mace.
The orc shouts! x2
An orc priest comes into view. It is wielding a +0 flail.
An orc wizard comes into view. It is wielding a +0 dagger.
The orc wizard shouts!
The orc wizard hits you with a +0 dagger.
You slash the orc wizard!
The orc wizard's magic leaks into the air.
The orc wizard is heavily wounded.
The orc priest mumbles some strange prayers to Beogh against you.
Beogh smites you!
The orc wizard falters for a moment.
You hit the orc wizard but do no damage.
The orc wizard is poisoned.
The orc wizard is heavily wounded.
The orc priest invokes the aid of Beogh against you.
Beogh smites you!
Your body deteriorates!
You feel clumsy.
The orc wizard hits you but does no damage.
You barely miss the orc wizard.
The orc wizard is heavily wounded.
You barely miss the orc. The orc hits you with a +0 club.
The orc wizard points at you and mumbles some strange words.
You resist with some effort.
You closely miss the orc wizard.
The orc wizard is heavily wounded.
You hit the orc but do no damage. The orc hits you but does no damage.
The orc priest miscasts a cantrip.
The orc wizard falters for a moment.
You hit the orc wizard. You burn the orc wizard.
The orc wizard is severely wounded.
You hit the orc but do no damage.
The orc is poisoned.
You barely miss the orc. You barely miss the orc wizard.
Your headbutt misses the orc wizard.
The orc wizard is severely wounded.
You hit the orc.
The orc suddenly seems more resistant.
You hit the orc.
The orc appears confused.
The orc hits you but does no damage.
The orc priest mumbles some strange prayers to Beogh against you.
Beogh smites you!
You hit the orc wizard.
The orc wizard seems to speed up.
The orc wizard is almost dead.
You closely miss the orc. You hit the orc.
You feel better.
You kill the orc!
You kill the orc wizard!
You hit the orc wizard. You drain the orc wizard. You headbutt the orc wizard!
The orc wizard is almost dead.
You barely miss the orc. You miss the orc wizard.
The orc wizard is almost dead.
You completely miss the orc.
The orc priest begins to cast a cantrip, but forgets the words!
The orc wizard hits you but does no damage.
The orc hits you but does no damage.
You slash the orc wizard!
You kill the orc wizard!
You closely miss the orc. The orc barely misses you.
The orc hits you but does no damage.
Things that are here:
a +0 dagger; a +0 robe The orc priest hits you with a +0 flail.
* * * LOW HITPOINT WARNING * * *
You slash the orc priest!
The orc priest resists with some effort.
Your headbutt misses the orc priest.
The orc priest is heavily wounded.
You hit the orc but do no damage.
Space warps around the orc.
The orc hits you with a +0 club.
* * * LOW HITPOINT WARNING * * *
The orc priest hits you but does no damage.
You barely miss the orc priest.
The orc priest is heavily wounded.
You hit the orc but do no damage.
Nothing appears to happen.
The orc barely misses you.
The orc priest hits you with a +0 flail.
* * * LOW HITPOINT WARNING * * *
You closely miss the orc priest.
The orc priest is heavily wounded.
You hit the orc but do no damage.
Unknown command.
You hit the orc priest.
The orc priest is poisoned.
Your punch misses the orc priest.
The orc priest is severely wounded.
You hit the orc.
You kill the orc!
The orc priest barely misses you.
You closely miss the orc priest.
The orc priest is severely wounded.
The orc priest closely misses you. You furiously retaliate!
You headbutt the orc priest. You closely miss the orc priest.
You headbutt the orc priest. Your punch misses the orc priest.
The orc priest is almost dead.
You hit the orc priest.
You kill the orc priest!
Items here: )) [[.
B - a +2 leather armour of poison resistance You now have 43 gold pieces (gained 13).
You see here a +0 flail.
An ufetubus comes into view.
The ufetubus shouts!
An ufetubus comes into view.
The ufetubus shouts!
The ufetubus closely misses you.
The ufetubus hits you but does no damage.
You barely miss the ufetubus.
A bullfrog comes into view.
The ufetubus slips past you! The ufetubus barely misses you.
You furiously retaliate!
You headbutt the ufetubus. The ufetubus barely misses you.
The bullfrog gives a loud, deep croak!
You slash the ufetubus!
You kill the ufetubus!
You completely miss the ufetubus. You headbutt the ufetubus!
You kill the ufetubus! "Forecast: mostly cloudy."
Found a basalt altar of Yredelemnul.
The bullfrog barely misses you.
You slash the bullfrog! You drain the bullfrog.
The bullfrog is almost dead.
The bullfrog barely misses you.
You slash the bullfrog! You burn the bullfrog.
You kill the bullfrog!
You feel your dexterity returning.
No target in view!
There is a shaft here.
An adder comes into view.
You miss the adder. The adder bites you.
You hit the adder.
The adder is heavily wounded.
The adder bites you.
You miss the adder. Your headbutt misses the adder.
The adder is heavily wounded.
The adder misses you.
You barely miss the adder.
The adder is heavily wounded.
The adder barely misses you.
You hit the adder. You headbutt the adder.
You kill the adder!
No target in view!
Search for what [? for help]? d: Unknown command.
Found a pair of boots.
Found 19 gold pieces.
You see here a +0 pair of boots.
G - a +0 pair of boots You start putting on your armour.
You continue putting on your +0 pair of boots. x4
You finish putting on your +0 pair of boots.
You now have 62 gold pieces (gained 19).
You now have 81 gold pieces (gained 19).
You now have 88 gold pieces (gained 7).
Found a pair of boots.
Found a stone staircase leading down.
H - a scroll labelled ONLARCH JEMUAMA
Found a falchion.
Found a sling.
You see here a +0 sling.
Found 7 stones.
Found a stone staircase leading down.
Found a stone staircase leading down.
n - 3 potions of might (gained 1)
There is a stone staircase leading down here.
There is a stone staircase leading down here.
You see here 7 stones.
Found a stone staircase leading up.
You now have 99 gold pieces (gained 11).
I - a scroll labelled YRUHA FA FOMN
o - 2 scrolls of silence (gained 1) "You need some minor improvements, mortal!"
Your body is suffused with distortional energy.
Your thoughts seem clearer.
You feel healthier.
You feel less energetic.
Your system partially rejects the healing effects of potions.
Done exploring.
Xom's power brushes against you for a moment.
Your body is suffused with distortional energy.
You feel less energetic.
Unknown command.
There is a stone staircase leading up here.
There is a stone staircase leading up here.
There is a stone staircase leading down here.
You climb downwards.
Found a pair of gloves.
There is a stone staircase leading up here.
You see here a +0 pair of gloves.
J - a +0 pair of gloves You start putting on your armour.
You continue putting on your +0 pair of gloves. x4
You finish putting on your +0 pair of gloves.
Found 4 boomerangs.
A bullfrog comes into view.
The bullfrog gives a loud, deep croak!
You hear a shout!
The bullfrog hits you.
You hit the bullfrog.
The bullfrog is lightly wounded.
The bullfrog closely misses you. You furiously retaliate!
You headbutt the bullfrog. You hit the bullfrog. You drain the bullfrog.
You headbutt the bullfrog!
The bullfrog is severely wounded.
The bullfrog barely misses you. You furiously retaliate!
You headbutt the bullfrog!
You kill the bullfrog!
You see here a bullfrog corpse.
You see here 4 boomerangs.
K - 4 boomerangs
Found a long sword.
r - 2 emerald potions (gained 1)
A gnoll sergeant comes into view. It is wielding a +2 spear of flaming.
The gnoll sergeant shouts! "Let me alter your body."
Your body is suffused with distortional energy.
You feel vulnerable to heat.
A gnoll comes into view. It is wielding a +0 spear.
A gnoll comes into view. It is wielding a +0 flail.
The gnoll shouts!
A gnoll comes into view. It is wielding a +0 club.
A gnoll comes into view. It is wielding a +0 spear.
A gnoll comes into view. It is wielding a +0 club.
The gnoll shouts! x2
The gnoll sergeant barely misses you.
You barely miss the gnoll sergeant.
The gnoll shouts!
The gnoll sergeant hits you but does no damage.
You hit the gnoll sergeant but do no damage.
The gnoll sergeant is poisoned.
You headbutt the gnoll sergeant.
The gnoll sergeant is lightly wounded.
The gnoll sergeant hits you with a +2 spear of flaming.
The gnoll sergeant burns you.
You hit the gnoll sergeant but do no damage.
The gnoll sergeant looks as sick as possible!
The gnoll sergeant is lightly wounded.
A red ugly thing comes into view.
Unknown command.
The red ugly thing gurgles horribly!
You hit the gnoll sergeant.
You headbutt the gnoll sergeant, but do no damage.
The gnoll sergeant is moderately wounded.
The gnoll hits you from afar with a +0 spear.
The gnoll sergeant barely misses you. The gnoll attacks as it pursues you!
The gnoll hits you but does no damage.
The gnoll sergeant hits you but does no damage.
The gnoll attacks as it pursues you!
The gnoll hits you from afar with a +0 spear.
The gnoll attacks as it pursues you! The gnoll closely misses you.
The gnoll attacks as it pursues you! The gnoll barely misses you.
The gnoll barely misses you. The gnoll attacks as it pursues you!
The gnoll closely misses you. The gnoll attacks as it pursues you!
The gnoll closely misses you.
You kill the gnoll sergeant!
The gnoll attacks as it pursues you! The gnoll barely misses you.
The gnoll attacks as it pursues you! The gnoll hits you but does no damage.
The gnoll hits you but does no damage. The gnoll attacks as it pursues you!
The gnoll hits you but does no damage.
There is a stone staircase leading up here.
The gnoll hits you from afar with a +0 spear.
There is a stone staircase leading up here.
The gnoll closely misses you. The gnoll barely misses you.
You furiously retaliate!
You headbutt the gnoll! The gnoll misses you. You furiously retaliate!
You headbutt the gnoll!
You climb upwards.
There is a stone staircase leading down here.
You hit the gnoll. You freeze the gnoll.
You kill the gnoll!
You hit the gnoll.
The gnoll is poisoned.
You hit the gnoll. You burn the gnoll.
You kill the gnoll!
Things that are here:
a +0 club; a gnoll corpse HP restored.
There is a stone staircase leading down here.
You climb downwards. "This might be better!"
Maggie changes into a shapeshifter!
Maggie the shapeshifter changes into a raiju!
Found a +0 halberd and 13 gold pieces.
There is a stone staircase leading up here.
Aiming: Fastroot
Press: ? - help, Shift-Dir - straight line, f - Maggie
Aim: Maggie the raiju shaped shifter The roots erupt in riotous growth!
Roots grab Maggie.
The grasping roots constrict Maggie.
You hear a shout! x2
An orc comes into view. It is wielding a +0 short sword.
Maggie escapes!
You hit the orc wizard.
The orc wizard is moderately wounded.
The orc wizard casts a spell at you.
The magic dart hits you but does no damage.
Maggie bursts into living lightning!
The living lightning misses you.
Maggie blinks!
You hear a shout!
You climb upwards.
There is a stone staircase leading down here.
You hit the orc wizard but do no damage.
You headbutt the orc wizard.
The orc wizard is severely wounded.
The orc wizard barely misses you.
You hit the orc wizard.
The orc wizard is poisoned.
The orc wizard is almost dead.
You kill the orc wizard!
Things that are here:
a +0 dagger; a +0 robe; an orc corpse
There is a stone staircase leading down here.
Unknown command.
You feel very mighty all of a sudden.
You climb downwards.
Level annotation: Maggie The sky beast flickers out of sight!
Deactivating autopickup; reactivate with Ctrl-A.
Maggie bites you. Maggie shocks you! Maggie misses you.
You furiously retaliate!
You headbutt Maggie!
There is a stone staircase leading up here.
You slash Maggie!
Maggie looks as sick as possible!
Your headbutt misses Maggie.
Maggie is severely wounded.
Maggie bursts into living lightning!
The living lightning hits you!
Maggie blinks!
Throw: 10 darts (poison)
Press: ? - help, Q - select action, (/) - cycle Shift-Dir - straight line, f - orc warrior
Aim: an orc warrior, wielding a +0 mace and wearing a +0 chain mail (53% to hit)
You throw a poisoned dart.
The poisoned dart barely misses the orc warrior.
You hit the orc warrior. You freeze the orc warrior.
The orc warrior is moderately wounded.
You slash the orc warrior! You burn the orc warrior.
You kill the orc warrior!
You kill Maggie!
A sky beast appears from thin air!
Reactivating autopickup.
A wight comes into view. It is wielding a +3 short sword.
Your Fighting skill increases to level 9!
Your Axes skill increases to level 12!
You have reached level 9!
Your experience leads to an increase in your attributes!
Your base attributes are Str 18, Int 9, Dex 11.
Increase (S)trength, (I)ntelligence, or (D)exterity?
You feel agile. x2
You slash the orc!
You feel better.
You kill the orc!
You slash the sky beast!
A bullfrog comes into view.
The sky beast misses you. You furiously retaliate!
You headbutt the sky beast.
A wight comes into view. It is wielding a +5 dire flail.
The bullfrog gives a loud, deep croak!
You hit the sky beast. You burn the sky beast. You headbutt the sky beast!
You kill the sky beast!
Found a scroll of fog.
You closely miss the bullfrog. You punch the bullfrog.
The bullfrog is lightly wounded.
Xom asks Qazlal to spice things up a little.
The bullfrog completely misses you.
A wight comes into view. It is wielding a +3 dagger.
You miss the bullfrog.
The bullfrog is lightly wounded.
You are engulfed in seething chaos.
You feel agile all of a sudden.
Xom opens a gate.
The bullfrog closely misses you. You furiously retaliate!
You headbutt the bullfrog. You hit the wight.
Lightning courses through the wight!
The wight is almost destroyed.
You barely miss the bullfrog.
You are engulfed in seething chaos.
The bullfrog closely misses you. The bullfrog misses you.
You slash the wight!
You destroy the wight!
You hit the bullfrog. You burn the bullfrog.
You are engulfed in seething chaos.
Your white imp gestures at the bullfrog.
The puff of frost hits the bullfrog!
The bullfrog misses your white imp.
You barely miss the wight.
You catch the helpless bullfrog completely off-guard!
You hit the bullfrog.
You kill the bullfrog!
You are engulfed in seething chaos.
You are slowing down.
The wight misses you.
Your white imp hits the wight but does no damage.
The wight barely misses your white imp.
Your white imp hits the wight.
Your white imp freezes the wight.
The wight resists.
Your limbs are stiffening.
There is a stone staircase leading up here.
The wight hits your white imp with a +3 dagger.
The wight completely misses you. You furiously retaliate!
You headbutt the wight!
Your white imp hits the wight.
Your white imp freezes the wight.
The wight completely resists.
You have turned to stone.
You stop ascending the stairs.
The wight closely misses your white imp.
The wight hits you with a +5 dire flail.
Your white imp hits the wight.
Your white imp freezes the wight.
The wight resists.
The wight hits your white imp with a +3 dagger.
The wight hits you with a +5 dire flail.
Your white imp hits the wight but does no damage.
The wight hits your white imp with a +3 dagger!
Your white imp dies!
Your white imp disappears in a puff of smoke!
The wight barely misses you.
The wight hits you but does no damage. x2
The wight hits you with a +5 dire flail!
The wight is engulfed in seething chaos.
The wight hits you but does no damage. The wight completely misses you.
The wight hits you with a +5 dire flail!
The wight is engulfed in seething chaos.
The wight seems to slow down.
Xom thinks this is hilarious!
The wight hits you with a +3 dagger.
The wight hits you from afar with a +4 halberd of freezing!
The wight freezes you.
The wight hits you with a +5 dire flail!
The wight is no longer moving slowly.
The wight hits you from afar with a +4 halberd of freezing.
The wight freezes you.
The wight hits you with a +5 dire flail.
The wight is engulfed in seething chaos.
The wight hits you with a +3 dagger.
The wight hits you from afar with a +4 halberd of freezing.
The wight freezes you. The wight hits you but does no damage.
The wight is engulfed in seething chaos.
The wight hits you with a +3 dagger.
The wight hits you but does no damage. x2
The wight is engulfed in seething chaos.
The wight barely misses you.
You turn to flesh and can move again.
Unknown command.
You slash the wight!
You destroy the wight!
You hit the wight but do no damage. You closely miss the wight.
You headbutt the wight.
The wight is severely damaged.
The wight completely misses you.
The wight is engulfed in seething chaos.
The wight seems to slow down.
The wight completely misses you. You furiously retaliate!
You headbutt the wight!
You destroy the wight!
The wight is engulfed in seething chaos.
The wight seems to slow down.
Xom thinks this is hilarious!
The wight completely misses you.
Things that are here:
a +5 dire flail; a +0 robe You hit the wight.
The wight seems to speed up.
The wight is moderately damaged.
The wight is no longer moving slowly.
The wight is engulfed in seething chaos.
The wight hits you with a +4 halberd of freezing.
You feel drained. The wight freezes you.
You closely miss the wight. You headbutt the wight.
The wight is heavily damaged.
You are engulfed in seething chaos.
You feel protected.
The wight is engulfed in seething chaos.
The wight hits you with a +4 halberd of freezing.
You feel drained.
You slash the wight!
You destroy the wight!
You are engulfed in seething chaos.
D - 2 scrolls of fog (gained 1)
Things that are here:
+0 steam dragon scales; a +0 halberd
Things that are here:
a +4 halberd of freezing; a +0 robe
Things that are here:
a +3 short sword; a +0 robe
Things that are here:
a +3 dagger; a +0 robe
Things that are here:
a +5 dire flail; a +0 robe
There is a stone staircase leading up here.
You feel a little less agile now.
Things that are here:
a +0 short sword; an orc corpse
v - 10 poisoned darts (gained 1)
You start to feel less resistant.
Your resistance to elements expires.
You feel a little less mighty now.
HP restored.
Things that are here:
a +0 mace; a +0 chain mail; an orc corpse
Found a stone staircase leading down.
Found a stone staircase leading down.
You now have 112 gold pieces (gained 13).
Found an escape hatch in the floor.
Found an escape hatch in the ceiling.
Found a stone staircase leading up.
A gnoll comes into view. It is wielding a +0 flail.
No target in view!
No target in view!
Things that are here:
a +0 scale mail; a +2 spear of flaming You hit the gnoll.
You burn the gnoll.
You headbutt the gnoll, but do no damage.
The gnoll is moderately wounded.
The gnoll barely misses you. You furiously retaliate!
You headbutt the gnoll!
You kill the gnoll!
No target in view!
No target in view!
An ogre comes into view. It is wielding a +0 giant club.
The ogre shouts!
Prince Ribbit comes into view.
Prince Ribbit gives a loud, deep croak!
Prince Ribbit croaks regally.
Found a scroll of identify.
Xom makes a sudden noise!
You hear a strangely pleasant explosion.
You hear a shout! x3
Prince Ribbit blinks!
The ogre barely misses you.
You slash the ogre! You freeze the ogre.
The ogre is heavily wounded.
You hit the ogre. You burn the ogre. You headbutt the ogre!
The ogre is almost dead.
The ogre closely misses you.
You barely miss the ogre.
The ogre is almost dead.
You slash the ogre!
You kill the ogre!
Your life force feels restored.
Throw: 10 darts (poison)
Press: ? - help, Q - select action, (/) - cycle Shift-Dir - straight line, f - Prince Ribbit
Aim: Prince Ribbit (36% to hit)
You throw a poisoned dart.
The poisoned dart closely misses Prince Ribbit.
Unknown command.
You closely miss Prince Ribbit. You headbutt Prince Ribbit.
Prince Ribbit is lightly wounded.
Prince Ribbit barely misses you. You furiously retaliate!
You headbutt Prince Ribbit. You slash Prince Ribbit!
Your headbutt misses Prince Ribbit.
Prince Ribbit is heavily wounded.
Prince Ribbit hits you!
You completely miss Prince Ribbit. Your headbutt misses Prince Ribbit.
Prince Ribbit is heavily wounded.
Prince Ribbit hits you.
You closely miss Prince Ribbit.
Prince Ribbit is heavily wounded.
Prince Ribbit hops awkwardly around.
Prince Ribbit hits you.
You hit Prince Ribbit.
Lightning courses through Prince Ribbit!
Prince Ribbit is almost dead.
You hit the gnoll. Prince Ribbit barely misses you.
You barely miss Prince Ribbit. Your headbutt misses Prince Ribbit.
Prince Ribbit is almost dead.
You barely miss the gnoll. The gnoll hits you but does no damage.
Prince Ribbit hops awkwardly around.
Prince Ribbit blinks!
You slash the gnoll!
You kill the gnoll!
Throw: 9 darts (poison)
Press: ? - help, Q - select action, (/) - cycle Shift-Dir - straight line, f/p - Prince Ribbit
Aim: Prince Ribbit (almost dead, 36% to hit)
You throw a poisoned dart. The poisoned dart hits Prince Ribbit.
Prince Ribbit is poisoned.
Prince Ribbit is almost dead.
Prince Ribbit blinks!
Throw: 8 darts (poison)
Press: ? - help, Q - select action, (/) - cycle Shift-Dir - straight line, f/p - Prince Ribbit
Aim: Prince Ribbit (almost dead, poisoned, 36% to hit)
You throw a poisoned dart.
The poisoned dart closely misses Prince Ribbit.
Unknown command.
Throw: 7 darts (poison)
Press: ? - help, Q - select action, (/) - cycle Shift-Dir - straight line, f/p - Prince Ribbit
Aim: Prince Ribbit (almost dead, poisoned, 36% to hit)
You throw a poisoned dart.
The poisoned dart closely misses Prince Ribbit.
Prince Ribbit hops awkwardly around.
You closely miss Prince Ribbit. Your headbutt misses Prince Ribbit.
Prince Ribbit is almost dead.
Prince Ribbit completely misses you.
You miss Prince Ribbit.
Prince Ribbit is almost dead.
You closely miss Prince Ribbit. You headbutt Prince Ribbit.
You kill Prince Ribbit!
Prince Ribbit returns to his original shape as he dies.
Your Axes skill increases to level 13!
Things that are here:
a +0 club; a gnoll corpse
v - 7 poisoned darts (gained 1)
v - 8 poisoned darts (gained 1)
L - a scroll of identify
As you read the scroll of identify, it crumbles to dust.
H - a scroll of vulnerability
v - 9 poisoned darts (gained 1)
The gnoll shouts! "Hum-dee-hum-dee-hum..."
The gnoll suddenly seems more agile.
The gnoll closely misses you.
You hit the gnoll. You freeze the gnoll.
The gnoll is moderately wounded.
The gnoll hits you but does no damage.
You hit the gnoll but do no damage.
You headbutt the gnoll, but do no damage.
The gnoll is moderately wounded.
You hit the gnoll but do no damage. You headbutt the gnoll.
The gnoll is severely wounded.
The gnoll closely misses you.
You hit the gnoll but do no damage.
The gnoll is severely wounded.
The gnoll hits you with a +0 flail.
You completely miss the gnoll.
The gnoll is severely wounded.
You hit the gnoll.
The gnoll is severely wounded.
The gnoll barely misses you.
You hit the gnoll but do no damage.
Nothing appears to happen.
Your headbutt misses the gnoll.
The gnoll is severely wounded.
The gnoll hits you but does no damage.
You hit the gnoll.
The gnoll is almost dead.
You closely miss the gnoll. Your headbutt misses the gnoll.
The gnoll is almost dead.
The gnoll closely misses you.
You hit the gnoll. You burn the gnoll.
You kill the gnoll!
Found a stone staircase leading down.
A gnoll comes into view. It is wielding a +0 spear.
The gnoll shouts! "You need some minor improvements, mortal!"
Your body is suffused with distortional energy.
Your thinking seems confused.
You feel vulnerable to heat.
You feel stronger.
You hear a shout!
A gnoll comes into view. It is wielding a +3 whip.
A gnoll comes into view. It is wielding a +0 whip.
A gnoll bouda comes into view. It is wielding a +0 whip.
The gnoll closely misses you. You furiously retaliate!
You headbutt the gnoll! You hit the gnoll.
You kill the gnoll!
You hit the gnoll.
The gnoll is devoured by a tear in reality.
The gnoll bouda barks out a call to the hunt!
The gnoll picks up the pace!
The gnoll shouts!
The gnoll bouda gazes fiercely through you!
You feel your attacks grow feeble.
You hit the gnoll bouda. You freeze the gnoll bouda.
The gnoll bouda is lightly wounded.
You barely miss the gnoll bouda. Your headbutt misses the gnoll bouda.
The gnoll bouda is lightly wounded.
The gnoll bouda barely misses you.
You hit the gnoll bouda. You drain the gnoll bouda.
You headbutt the gnoll bouda, but do no damage.
You punch the gnoll bouda, but do no damage.
The gnoll bouda is heavily wounded.
The gnoll bouda gazes fiercely through you!
You feel as though you will be weak longer.
The gnoll bouda hits you but does no damage.
You barely miss the gnoll bouda. Your headbutt misses the gnoll bouda.
The gnoll bouda is heavily wounded.
You hit the gnoll bouda but do no damage.
The gnoll bouda resists with some effort.
The gnoll bouda is heavily wounded.
The gnoll bouda closely misses you.
You hit the gnoll bouda but do no damage.
Your headbutt misses the gnoll bouda.
The gnoll bouda is heavily wounded.
The gnoll bouda closely misses you.
You hit the gnoll bouda but do no damage.
The gnoll bouda resists with some effort.
You headbutt the gnoll bouda.
The gnoll bouda is heavily wounded.
You hit the gnoll bouda. You burn the gnoll bouda.
The gnoll bouda is almost dead.
The gnoll bouda closely misses you.
You completely miss the gnoll bouda. You headbutt the gnoll bouda.
You kill the gnoll bouda!
You hit the gnoll. You headbutt the gnoll!
The gnoll is severely wounded.
The gnoll hits you but does no damage.
You hit the gnoll.
You kill the gnoll!
You now have 132 gold pieces (gained 20).
Items here: ))) [ †.
Your attacks no longer feel as feeble.
Okay, then.
A gnoll is nearby!
The gnoll shouts!
The gnoll hits you with a +0 spear.
You hit the gnoll. You freeze the gnoll. You headbutt the gnoll.
The gnoll is heavily wounded.
The gnoll hits you with a +0 spear.
You slash the gnoll!
You kill the gnoll!
No target in view!
You see here a +0 spear. "Let me alter your body."
Your body is suffused with distortional energy.
You feel yourself wasting away.
Your body twists and deforms.
Your body's shape seems more normal.
The horns on your head grow some more.
L - a scroll of identify "Time to have some fun!"
You hit the ufetubus.
The ufetubus convulses.
Your headbutt misses the ufetubus.
The ufetubus is severely wounded.
You hit the ufetubus.
You kill the ufetubus!
The ufetubus disappears in a puff of smoke!
You hit the shadow imp. You burn the shadow imp.
Your headbutt misses the shadow imp.
The shadow imp is heavily wounded.
The shadow imp gestures at you. Pain shoots through your body!
You closely miss the shadow imp.
The shadow imp is heavily wounded.
You hit the shadow imp but do no damage.
The shadow imp is heavily wounded.
The shadow imp barely misses you.
You slash the shadow imp!
You kill the shadow imp!
The shadow imp disappears in a puff of smoke!
No target in view!
As you open the door, it creaks loudly!
Done exploring.
Done exploring.
Search for what [Enter for "d:", or ? for help]? d: Unknown command.
The red ugly thing gurgles horribly!
Aiming: Fastroot
Press: ? - help, Shift-Dir - straight line The roots erupt in riotous growth!
Roots grab the red ugly thing.
The grasping roots constrict the red ugly thing.
The red ugly thing struggles to escape constriction.
Unknown command.
Throw: 9 darts (poison)
Press: ? - help, Q - select action, (/) - cycle Shift-Dir - straight line, f - red ugly thing
Aim: a red ugly thing (lightly wounded, constricted by roots, 89% to hit)
You throw a poisoned dart.
The poisoned dart hits the red ugly thing.
The red ugly thing is poisoned.
The red ugly thing is lightly wounded.
The grasping roots constrict the red ugly thing.
The roots release their grip on the red ugly thing.
Throw: 8 darts (poison)
Press: ? - help, Q - select action, (/) - cycle Shift-Dir - straight line, f/p - red ugly thing
Aim: a red ugly thing (lightly wounded, poisoned, 59% to hit)
You throw a poisoned dart.
The poisoned dart hits the red ugly thing.
The red ugly thing is lightly wounded.
Throw: 7 darts (poison)
Press: ? - help, Q - select action, (/) - cycle Shift-Dir - straight line, f/p - red ugly thing
Aim: a red ugly thing (lightly wounded, poisoned, 59% to hit)
You throw a poisoned dart.
The poisoned dart hits the red ugly thing.
The red ugly thing is lightly wounded.
Throw: 6 darts (poison)
Press: ? - help, Q - select action, (/) - cycle Shift-Dir - straight line, f/p - red ugly thing
Aim: a red ugly thing (lightly wounded, poisoned, 59% to hit)
You throw a poisoned dart.
The poisoned dart hits the red ugly thing.
The red ugly thing looks even sicker.
The red ugly thing is lightly wounded.
Xom titters.
You are confused.
The red ugly thing barely misses you. The red ugly thing engulfs you.
You are engulfed in flames!!
The fire burns you terribly!
You hit the red ugly thing.
The red ugly thing looks as sick as possible!
The red ugly thing is moderately wounded.
You hit the red ugly thing.
Your headbutt misses the red ugly thing.
The red ugly thing is moderately wounded.
The red ugly thing engulfs you but does no damage.
Unknown command.
You barely miss the red ugly thing.
The red ugly thing is moderately wounded. "Let's see if it's strong enough to survive yet."
The red ugly thing engulfs you!
You are engulfed in flames!!
The fire burns you terribly!
* * * LOW HITPOINT WARNING * * *
Unknown command.
You feel less confused.
Xom's power touches on a nearby monster.
The red ugly thing basks in the mutagenic energy and changes!
You are now a toy of Xom.
The ufetubus attacks as it pursues you! The ufetubus closely misses you.
You furiously retaliate!
You headbutt the ufetubus!
You kill the ufetubus!
The ufetubus disappears in a puff of smoke!
The green ugly thing tentacle-slaps you.
* * * LOW HITPOINT WARNING * * *
You slash the green ugly thing! You burn the green ugly thing.
The green ugly thing is heavily wounded.
You closely miss the quasit. You hit the hellwing but do no damage.
The quasit barely misses you. The quasit closely misses you.
The quasit claws you.
* * * LOW HITPOINT WARNING * * *
You feel clumsy.
You barely miss the green ugly thing.
The green ugly thing is severely wounded.
You miss the quasit. You hit the hellwing but do no damage.
Lightning courses through the hellwing!
The green ugly thing tentacle-slaps you but does no damage.
The hellwing hits you but does no damage.
The hellwing hits you.
* * * LOW HITPOINT WARNING * * *
You closely miss the green ugly thing.
You headbutt the green ugly thing, but do no damage.
The green ugly thing is severely wounded.
You closely miss the quasit. You hit the hellwing. You burn the hellwing.
You almost hear Xom's maniacal laughter.
You do an impromptu tapdance.
The quasit bites you but does no damage.
The quasit claws you but does no damage. x2
You barely miss the green ugly thing.
The green ugly thing is severely wounded.
You barely miss the quasit. You hit the hellwing but do no damage.
The green ugly thing tentacle-slaps you!
* * * LOW HITPOINT WARNING * * *
The hellwing hits you but does no damage.
The hellwing closely misses you.
The quasit bites you but does no damage.
The quasit barely misses you.
The quasit claws you but does no damage.
You hit the green ugly thing but do no damage.
You headbutt the green ugly thing!
The green ugly thing is severely wounded.
You hit the quasit but do no damage. You hit the hellwing but do no damage.
The quasit barely misses you. The quasit closely misses you.
The quasit barely misses you. The hellwing barely misses you. x2
The green ugly thing tentacle-slaps you!
You die...
Xom roars with laughter!

Skill      XL: |  1  2  3  4  5  6  7  8  9 |
---------------+----------------------------+-----
Axes           | 4 5 6 7 8 9 12 13 | 13.1
Fighting       | 4 5 6 7 9 |  9.9
Armour         | |  2.4
Dodging        | |  1.1

Action                     |  1- 3 |  4- 6 |  7- 9 || total
---------------------------+-------+-------+-------++-------
  Melee: Hand axe          |   115 |    79 |   284 ||   478
         Headbutt          |    10 |     9 |    55 ||    74
         Punch             |       |       |     3 ||     3
  Throw: Dart              |       |     2 |    15 ||    17
  Evoke: Wand              |       |     2 |     2 ||     4
    Use: Scroll            |       |     8 |     4 ||    12
         Potion            |       |       |     1 ||     1
   Stab: Confused          |       |     1 |       ||     1
         Paralysed         |       |       |     1 ||     1
         Distracted        |       |       |     1 ||     1
 Armour: Leather armour    |    65 |    41 |   194 ||   300
  Dodge: Dodged            |    70 |    30 |   144 ||   244

Levels and vault maps discovered:
D:1:      spicycebolla_arrival_risky_transporter, layout_basic
D:2:      layout_basic
D:3:      layout_rooms, grunt_temple_overflow_forces_of_nature,
          dreamdust_ecumenical_altar_hidden_monk_grotto, cheibrodos_gnoll_hut
D:4:      layout_loops_cross, minmay_temple_entry_ruins, uniq_duvessa,
          uniq_menkaure, uniq_natasha
D:5:      layout_basic, serial_shops, shop_scrolls
D:6:      layout_layer_cave, yredelemnul_altar_generic, serial_shops,
          nicolae_shop_tiny_statue_garden
D:7:      layout_cave_pools, serial_column_ruins, column_ruins_hut,
          column_ruins_hut, column_ruins_open_tiny_water,
          column_ruins_open_small, column_ruins_columns_straight,
          column_ruins_open_small, uniq_prince_ribbit1, uniq_maggie

Notes
Turn   | Place    | Note
-------+----------+-------------------------------------------
     0 | D:1      | scionoferis the Minotaur Chaos Knight began the quest for
                  | the Orb.
     0 | D:1      | Reached XP level 1. HP: 19/19 MP: 0/0
   124 | D:1      | Reached skill level 4 in Axes
   282 | D:1      | Reached XP level 2. HP: 27/27 MP: 1/1
   724 | D:1      | Reached skill level 4 in Fighting
   917 | D:1      | XOM: silly message
  1135 | D:2      | Reached XP level 3. HP: 33/33 MP: 2/2
  1464 | D:2      | Reached skill level 5 in Axes
  1945 | D:3      | Reached XP level 4. HP: 34/41 MP: 3/3
  1950 | D:3      | XOM: divination: magic mapping
  1969 | D:3      | XOM: potion effect (berserk rage)
  1972 | D:3      | Reached skill level 5 in Fighting
  1972 | D:3      | Reached skill level 6 in Axes
  1973 | D:3      | Reached XP level 5. HP: 48/48 MP: 4/4
  2376 | D:3      | Found a stormy altar of Qazlal.
  2391 | D:3      | Found a blossoming altar of Fedhas.
  2393 | D:3      | Identified the +0 spear of the Fulmar {spect, MP-9 Int+6
                  | Dex+2}
  2421 | D:3      | Found a faded altar of an unknown god.
  2490 | D:3      | XOM: noise
  2590 | D:4      | Noticed Menkaure
  2597 | D:4      | Killed Menkaure
  2598 | D:4      | Reached skill level 7 in Axes
  2598 | D:4      | Reached XP level 6. HP: 17/57 MP: 5/5
  2778 | D:4      | XOM: noise
  2794 | D:4      | Found a staircase to the Ecumenical Temple.
  2798 | D:4      | Noticed Duvessa
  2798 | D:4      | Noticed Dowan
  2800 | D:4      | XOM: noise
  2823 | D:4      | Killed Duvessa
  2824 | D:4      | Reached skill level 6 in Fighting
  2841 | D:4      | Killed Dowan
  2842 | D:4      | Reached skill level 8 in Axes
  2842 | D:4      | Reached XP level 7. HP: 46/63 MP: 6/6
  3034 | D:4      | XOM: 2-stop teleportation journey
  3171 | D:4      | Noticed Natasha
  3174 | D:4      | Killed Natasha
  3262 | D:4      | Noticed Natasha
  3268 | D:4      | Killed Natasha
  3368 | D:4      | Noticed Natasha
  3380 | D:4      | Killed Natasha
  3539 | D:5      | Entered Level 5 of the Dungeon
  3607 | D:5      | XOM: 6-stop teleportation journey
  3608 | D:5      | XOM: summons friendly crimson imp
  3755 | D:5      | Reached skill level 9 in Axes
  3831 | D:5      | Reached skill level 7 in Fighting
  3933 | D:5      | XOM: give mutations
  3933 | D:5      | Gained mutation: Your body sometimes deteriorates upon
                  | taking damage. [Xom's mischief]
  3933 | D:5      | Gained mutation: You are dopey. (Int -2) [Xom's mischief]
  4011 | D:5      | XOM: draining
  4172 | D:5      | Found Annemil's Magic Scroll Emporium.
  4197 | D:5      | Bought a scroll of identify for 30 gold pieces
  4197 | D:5      | Bought a scroll of amnesia for 60 gold pieces
  4197 | D:5      | Bought a scroll of fog for 60 gold pieces
  4209 | D:5      | XOM: summons friendly iron imp
  4218 | D:5      | Reached XP level 8. HP: 59/70 MP: 7/7
  4222 | D:5      | Reached skill level 10 in Axes
  4308 | D:5      | XOM: swap monsters
  4361 | D:5      | XOM: enchant monster (bad)
  4456 | D:5      | XOM: 8-stop teleportation journey
  4650 | D:5      | XOM: summons 3 hostile shadow creatures
  4869 | D:6      | XOM: summons 3 hostile shadow creatures
  5010 | D:6      | Reached skill level 8 in Fighting
  5028 | D:6      | Found Nagrev's Book Shop.
  5109 | D:6      | XOM: enchant monster (bad)
  5150 | D:6      | Reached skill level 11 in Axes
  5345 | D:6      | XOM: chaos cloud
  5346 | D:6      | Found a basalt altar of Yredelemnul.
  5726 | D:6      | XOM: give mutations
  5726 | D:6      | Gained mutation: You possess an exceptional clarity of
                  | mind. [Xom's mischief]
  5726 | D:6      | Lost mutation: Your body sometimes deteriorates upon taking
                  | damage. [Xom's mischief]
  5726 | D:6      | Gained mutation: Your magical capacity is low. (-10% MP)
                  | [Xom's mischief]
  5726 | D:6      | Gained mutation: Potions are less effective at restoring
                  | your health. [Xom's mischief]
  5858 | D:6      | XOM: give mutation
  5858 | D:6      | Gained mutation: Your magical capacity is very low. (-20%
                  | MP) [Xom's mischief]
  5980 | D:7      | XOM: give mutation
  5980 | D:7      | Gained mutation: You are vulnerable to heat. (rF-) [Xom's
                  | mischief]
  5985 | D:7      | Noticed a red ugly thing
  6024 | D:7      | Noticed Maggie
  6024 | D:7      | Maggie changed into Maggie the shapeshifter
  6024 | D:7      | Noticed Maggie (shapeshifter)
  6024 | D:7      | XOM: polymorph Maggie -> Maggie the shapeshifter
  6024 | D:7      | Maggie the shapeshifter changed into Maggie the raiju
  6024 | D:7      | Noticed Maggie (shapeshifter)
  6039 | D:7      | Killed Maggie the raiju
  6040 | D:7      | Reached skill level 9 in Fighting
  6040 | D:7      | Reached skill level 12 in Axes
  6040 | D:7      | Reached XP level 9. HP: 63/83 MP: 6/6
  6044 | D:7      | XOM: chaos cloud
  6045 | D:7      | XOM: summons friendly white imp
  6284 | D:7      | Noticed Prince Ribbit
  6286 | D:7      | XOM: noise
  6304 | D:7      | Killed Prince Ribbit
  6305 | D:7      | Reached skill level 13 in Axes
  6452 | D:7      | XOM: enchant monster (bad)
  6473 | D:7      | XOM: give mutations
  6473 | D:7      | Lost mutation: You possess an exceptional clarity of mind.
                  | [Xom's mischief]
  6473 | D:7      | Gained mutation: You are very vulnerable to heat. (rF--)
                  | [Xom's mischief]
  6473 | D:7      | Gained mutation: Your muscles are strong. (Str +4, Int/Dex
                  | -1) [Xom's mischief]
  6533 | D:7      | XOM: give mutations
  6533 | D:7      | Gained mutation: Your body sometimes deteriorates upon
                  | taking damage. [Xom's mischief]
  6533 | D:7      | Gained mutation: Armour fits poorly on your strangely
                  | shaped body. [Xom's mischief]
  6533 | D:7      | Lost mutation: Armour fits poorly on your strangely shaped
                  | body. [Xom's mischief]
  6533 | D:7      | Gained mutation: You have a pair of large horns on your
                  | head. [Xom's mischief]
  6566 | D:7      | XOM: summons 2 hostile demons
  6700 | D:7      | XOM: confusion
  6706 | D:7      | XOM: summons 3 hostile demons
  6707 | D:7      | Noticed a hellwing
  6707 | D:7      | XOM: polymorph red ugly thing -> green ugly thing
  6710 | D:7      | XOM: silly message
  6712 | D:7      | Slain by a green ugly thing

Vanquished Creatures
  A raiju (shapeshifter) (D:7)
  Prince Ribbit (D:7)
  Menkaure (D:4)
  Duvessa (D:4)
  A sky beast (D:7)
  An orc warrior (D:7)
  A black bear (D:5)
  3 ogres (D:5 D:6 D:7)
  3 phantoms (D:5 D:6)
  5 bullfrogs (D:6 D:7)
  A gnoll sergeant (D:7)
  2 scorpions (D:5)
  4 wights (D:7)
  Dowan (D:4)
  2 jellies (D:5)
  A gnoll bouda (D:7)
  3 hounds (D:3 D:4)
  3 orc priests (D:3 D:6)
  3 orc wizards (D:6)
  2 iguanas (D:5)
  A sleepcap (D:5)
  Natasha (thrice) (D:4)
  9 gnolls (D:3 D:6 D:7)
  4 adders (D:2 D:3 D:5 D:6)
  A shadow imp (D:5)
  2 white imps (D:6)
  6 ufetubi (D:5 D:6)
  2 worms (D:3 D:4)
  3 dart slugs (D:2 D:4)
  21 orcs (D:3 D:4 D:5 D:6 D:7)
  An endoplasm (D:2)
  5 giant cockroaches (D:1 D:2 D:3)
  5 hobgoblins (D:1 D:2 D:3 D:4)
  11 jackals (D:1 D:2)
  6 quokkas (D:1 D:2 D:5)
  3 ball pythons (D:1 D:2 D:3)
  4 bats (D:2 D:3)
  7 frilled lizards (D:1 D:2 D:3)
  9 goblins (D:1 D:2 D:3 D:4)
  7 kobolds (D:1 D:2 D:3 D:4)
  3 rats (D:1 D:3)
153 creatures vanquished.

Vanquished Creatures (others)
  An orc zombie (D:3)
1 creature vanquished.

Grand Total: 154 creatures vanquished

Table legend: (Time is in decaauts)
 A = Elapsed time spent in this place.
 B = Non-inter-level travel time spent in this place.
 C = Inter-level travel time spent in this place.
 D = Time resting spent in this place.
 E = Time spent auto-exploring this place.
 F = Levels seen in this place.
 G = Mean time per level.
                   A        B        C        D        E       F      G
               +--------+--------+--------+--------+--------+-----+--------+
         Total |   6663 |   6356 |    307 |      0 |   5306 |   7 |  951.9 |
       Dungeon |   6663 |   6356 |    307 |      0 |   5306 |   7 |  951.9 |
               +--------+--------+--------+--------+--------+-----+--------+

Top non-repeatable levels by time:
     D:5: 1274 daAuts
     D:6: 1090 daAuts
     D:1: 1055 daAuts
     D:4: 1001 daAuts
     D:2: 836 daAuts
     D:7: 746 daAuts
     D:3: 658 daAuts

Table legend:
 A = Non-vault XP
 B = Vault XP
 C = Vault XP percentage of total XP
 D = Non-vault monster count
 E = Vault monster count
 F = Vault count percentage of total count
                 A         B        C        D         E       F
            +---------+---------+-------+---------+---------+-------
      Total |    3072 |    1054 |  25.5 |     145 |       9 |   5.8
            +---------+---------+-------+---------+---------+-------
        D:1 |      36 |       0 |   0.0 |      23 |       0 |   0.0
        D:2 |      46 |       0 |   0.0 |      19 |       0 |   0.0
        D:3 |     167 |      96 |  36.5 |      33 |       3 |   8.3
        D:4 |     138 |     415 |  75.0 |      11 |       4 |  26.7
        D:5 |     858 |       0 |   0.0 |      19 |       0 |   0.0
        D:6 |     752 |       0 |   0.0 |      21 |       0 |   0.0
        D:7 |    1075 |     543 |  33.6 |      19 |       2 |   9.5
            +---------+---------+-------+---------+---------+-------
